 Dungeon Crawl Stone Soup version 0.20.1-1-g8b1a95d (webtiles) character file.

131 letownia2 the Grave Robber (level 4, 0/36 HPs)
             Began as a Deep Dwarf Necromancer on Nov 7, 2017.
             Killed from afar by Minstaer's ghost (9 damage)
             ... with a spray of energy
             ... on level 4 of the Dungeon.
             The game lasted 00:05:24 (1690 turns).

letownia2 the Grave Robber (Deep Dwarf Necromancer) Turns: 1690, Time: 00:05:24

Health: 0/36       AC:  6    Str: 12    XL:     4   Next: 91%
Magic:  6/7        EV:  8    Int: 16    God:
Gold:   40         SH:  0    Dex: 13    Spells: 3/7 levels left

rFire    . . .     SeeInvis .   a - +0 short sword
rCold    . . .     Gourm    .   (no shield)
rNeg     . . .     Faith    .   r - +0 ring mail
rPois    .         Spirit   .   o - +0 helmet
rElec    .         Reflect  .   (no cloak)
rCorr    +         Harm     .   (no gloves)
MR       .....                  (no boots)
Stlth    +.........             (no amulet)
Regen    0.0/turn               l - ring of resist corrosion
MPRegen  0.1/turn               s - -3 ring of evasion (curse)

@: non-regenerating
A: damage resistance, heal wounds, sense surroundings 1, no regeneration
a: Heal Wounds


You were on level 4 of the Dungeon.
You were not hungry.

You visited 1 branch of the dungeon, and saw 5 of its levels.

You collected 40 gold pieces.

Inventory:

Hand Weapons
 a - a +0 short sword (weapon)
 q - a +0 battleaxe
Armour
 o - a +0 helmet (worn)
 r - a +0 ring mail (worn)
 w - a +0 scale mail
 z - a +0 helmet
Jewellery
 l - a ring of resist corrosion (left hand)
 s - a cursed -3 ring of evasion (right hand)
 u - the ring of the Townfolk {rCorr *Corrode rElec rN+++ Int-5}
   (You found it on level 5 of the Dungeon)

   [ring of resist corrosion]

   It affects your intelligence (-5).
   It insulates you from electricity.
   It renders you almost immune to negative energy.
   It may corrode you when you take damage.
 y - an uncursed ring of stealth
Scrolls
 d - a scroll of remove curse {unknown}
 e - 2 scrolls of magic mapping {unknown}
 f - a scroll of fog {unknown}
 h - 2 scrolls of identify {unknown}
 n - a scroll of teleportation {unknown}
 t - a scroll of random uselessness {unknown}
Potions
 g - 2 potions of invisibility {unknown}
 k - a potion of lignification {unknown}
 p - a potion of curing {unknown}
Books
 b - a book of Necromancy

   Spells                             Type                      Level
   a - Pain                           Necromancy                   1
   b - Animate Skeleton               Necromancy                   1
   c - Vampiric Draining              Necromancy                   3
   d - Regeneration                   Charms/Necromancy            3
   e - Animate Dead                   Necromancy                   4
   f - Control Undead                 Necromancy                   4
 j - a book of Cantrips

   Spells                             Type                      Level
   a - Confusing Touch                Hexes                        1
   b - Animate Skeleton               Necromancy                   1
   c - Summon Small Mammal            Summoning                    1
   d - Apportation                    Translocation                1
Comestibles
 c - 2 bread rations
 i - a fruit
 m - a royal jelly
 v - a meat ration
 x - a chunk of flesh


   Skills:
 - Level 2.1 Dodging
 - Level 2.4 Stealth
 - Level 2.2 Spellcasting
 + Level 6.6 Necromancy


You had 3 spell levels left.
You knew the following spells:

 Your Spells              Type           Power        Failure   Level  Hunger
a - Pain                  Necr           ###.         3%          1    #......
v - Vampiric Draining     Necr           ###.......   9%          3    ###....


Dungeon Overview and Level Annotations

Branches:
Dungeon (5/15)
 Temple: D:4-7

Altars:
Gozag
Kikubaaqudgha
Zin

Annotations:
D:4 Eustachio; Minstaer's ghost, amateur DrCj


Innate Abilities, Weirdness & Mutations

You are resistant to damage.
You can heal yourself by infusing magical energy.
You passively map a small area around you.
You do not regenerate.


Message History

Minstaer's ghost casts a spell at you. The magic dart hits you!
Minstaer's ghost casts a spell at you. The spray of energy hits you!
You are confused.
You see here 4 needles of sleeping.
You bump into the rock wall.
Minstaer's ghost casts a spell at you. The magic dart hits you!
You feel less confused.
Minstaer's ghost points at you and mumbles some strange words.
The magic dart hits you!
* * * LOW HITPOINT WARNING * * *
Minstaer's ghost gestures at you while chanting.
The magic dart hits you!
* * * LOW HITPOINT WARNING * * *
There is a stone staircase leading down here.
Minstaer's ghost casts a spell at you. The spray of energy hits you!
You die...

#.##.#.#.#...........#
#.##.....#.###########
#.####.###.# #.#
#.....# #.# #.#####
#.# #..# #.# #..# #.#
#..# #(# #.@# #.#
#..########## #.#
#...........# #.#
##.########.# #W# #.#
#.# #.# #W# ###.###
#.# #.# #.....#
#.#####.######.###.#
#.W.....##...W.# #.#


You could see Minstaer's ghost.

Vanquished Creatures
  A jelly (D:5)
  An orc priest (D:4)
  Natasha (D:3)
  2 adders
  6 orcs
  A bat (D:2)
  A giant cockroach (D:1)
  A goblin (D:2)
  A hobgoblin (D:1)
  2 jackals
  2 kobolds
  3 quokkas
  2 ball pythons
  A frilled lizard (D:1)
25 creatures vanquished.

Notes
Turn   | Place    | Note
-------+----------+-------------------------------------------
     0 | D:1      | letownia2 the Deep Dwarf Necromancer began the quest for the Orb.
     0 | D:1      | Reached XP level 1. HP: 15/15 MP: 3/3
   189 | D:2      | Reached XP level 2. HP: 22/22 MP: 1/5
   355 | D:4      | Reached skill level 5 in Necromancy
   355 | D:4      | Reached XP level 3. HP: 28/28 MP: 1/6
   360 | D:4      | Learned a level 3 spell: Vampiric Draining
   360 | D:4      | Noticed Eustachio
   831 | D:4      | Noticed Minstaer's ghost (amateur DrCj)
   894 | D:5      | Entered Level 5 of the Dungeon
   906 | D:5      | Reached XP level 4. HP: 16/36 MP: 0/7
  1106 | D:5      | Got a bound granite ring
  1209 | D:5      | Found an ancient bone altar of Kikubaaqudgha.
  1269 | D:5      | Noticed a phantom
  1386 | D:4      | Found a glowing silver altar of Zin.
  1390 | D:4      | Found an opulent altar of Gozag.
  1528 | D:4      | Reached skill level 6 in Necromancy
  1594 | D:3      | Identified the ring of the Townfolk {rCorr *Corrode rElec rN+++ Int-5} (You found it on level 5 of the Dungeon)
  1625 | D:3      | Noticed Natasha
  1630 | D:3      | Killed Natasha
  1690 | D:4      | Killed from afar by Minstaer's ghost

Skill      XL: |  1  2  3  4 |
---------------+-------------+-----
Spellcasting   | 2 |  2.2
Necromancy     | 5 6 |  6.6
Dodging        | |  2.1
Stealth        | |  2.4

Action                   |  1- 3 |  4- 6 || total
-------------------------+-------+-------++-------
Melee: Unarmed           |     4 |       ||     4
       Short sword       |     1 |     7 ||     8
 Cast: Pain              |    35 |     4 ||    39
       Vampiric Draining |       |    12 ||    12
 Stab: Sleeping          |     1 |       ||     1
  Eat: Chunk             |       |     3 ||     3
       Fruit             |       |     1 ||     1
Armor: Robe              |     3 |       ||     3
       Ring mail         |     2 |    24 ||    26
Dodge: Dodged            |    21 |    35 ||    56
